 Dungeon Crawl Stone Soup version 0.21.1-1-g345015f (console) character file.

11 Homage the Scratcher (level 2, 3/12 HPs)
             Began as a Felid Transmuter on Apr 20, 2018.
             Quit the game on level 2 of the Dungeon.
             The game lasted 00:03:11 (714 turns).

Homage the Scratcher (Felid Transmuter)              Turns: 714, Time: 00:03:12

Health: 3/12       AC:  1    Str:  5 (6)  XL:     2   Next: 17%
Magic:  6/6        EV: 18    Int: 11 (14) God:
Gold:   46         SH:  0    Dex: 14 (16) Spells: 4/5 levels left
                                        Lives:  0   Deaths: 0

rFire    . . .     SeeInvis +     - Unarmed
rCold    . . .     Gourm    .   (shield unavailable)
rNeg     . . .     Faith    .   (armour unavailable)
rPois    .         Spirit   .   (helmet unavailable)
rElec    .         Reflect  .   (cloak unavailable)
rCorr    .         Harm     .   (gloves unavailable)
MR       .....                  (boots unavailable)
Stlth    ++........             (no amulet)
HPRegen  0.04/turn              (no ring)
MPRegen  0.10/turn              (no ring)

@: lethally poisoned (3 -> -1), quick
A: very small, no armour, no weapons or thrown items, stealth, claws 1, fangs 3,
see invisible, carnivore, speed 1, shaggy fur 1, slow metabolism 1, sharp paws
a: no special abilities


You were on level 2 of the Dungeon.
You were very full.

You visited 1 branch of the dungeon, and saw 2 of its levels.

You collected 46 gold pieces.


Innate Abilities, Weirdness & Mutations

You cannot wear armour.
You are incapable of wielding weapons or throwing items.
Your paws allow you to move quietly. (Stealth)
You have sharp claws.
You have razor-sharp teeth.
You have supernaturally acute eyesight. (SInv)
You are carnivorous and can eat meat at any time.
You cover ground quickly.
You are covered in fur. (AC +1)
You have a slow metabolism.
Your sharp claws are effective at attacking unaware monsters.


   Skills:
 - Level 1.0 Fighting
 - Level 3.0 Dodging
 - Level 2.0 Stealth
 - Level 3.0 Unarmed Combat
 - Level 2.0 Spellcasting
 + Level 2.3 Transmutations


You had 4 spell levels left.
You knew the following spells:

 Your Spells              Type           Power        Failure   Level  Hunger
a - Beastly Appendage     Tmut           #.....       11%         1    ##.....

Inventory:

Missiles
 a - 12 arrows
Scrolls
 e - a scroll of enchant armour
 h - a scroll of enchant weapon
Books
 b - a book of Changes

   Spells                             Type                      Level
   a - Beastly Appendage              Transmutation                1
   b - Sticks to Snakes               Transmutation                2
   c - Spider Form                    Transmutation/Poison         3
   d - Ice Form                       Ice/Transmutation            4
   e - Blade Hands                    Transmutation                5
Comestibles
 c - 2 rations


Message History

You miss the adder. The adder bites you.
You barely miss the adder. You bite the adder, but do no damage.
The adder completely misses you.
You barely miss the adder. The adder bites you.
You are lethally poisoned!
The adder poisons you! The adder barely misses you.
You are too injured to fight recklessly!
You are too injured to fight recklessly!
You are too injured to fight recklessly!
You miss the adder.
You feel sick. The adder completely misses you.
* * * LOW HITPOINT WARNING * * *
You feel sick.
Casting: Beastly Appendage
Confirm with . or Enter, or press ? or * to list all spells.
Okay, then.
You aren't carrying any potions.
Casting: Beastly Appendage
Confirm with . or Enter, or press ? or * to list all spells.
You don't know that spell.
Are you sure you want to abandon this character and quit the game? (Confirm with "yes".)

#....!......
#...........
#...[.......
#.......?...
#...........
#...l.......
#...l.......
####S####### #@#
#.# #.# #.#
################.#
.................#
##################


You could see an adder and 2 frilled lizards.

Vanquished Creatures
  A bat (D:1)
  2 giant cockroaches
  2 hobgoblins
  4 kobolds
  2 rats
11 creatures vanquished.

Notes
Turn   | Place    | Note
-------+----------+-------------------------------------------
     0 | D:1      | Homage the Felid Transmuter began the quest for the Orb.
     0 | D:1      | Reached XP level 1. HP: 9/9 MP: 4/4
    59 | D:1      | Reached skill level 1 in Stealth
   515 | D:2      | Reached skill level 3 in Dodging
   515 | D:2      | Reached XP level 2. HP: 12/12 MP: 6/6
   714 | D:2      | Quit the game

Vault maps used:
D:1:      grunt_arrival_crossed_arrows
D:2:      nicolae_gozag_seed_capital

Action                   || total
-------------------------++-------
Melee: Unarmed           ||    35
       Bite              ||     2
       Headbutt          ||     1
       Punch             ||     1
 Cast: Beastly Appendage ||     2
  Use: Potion            ||     4
       Scroll            ||     4
 Stab: Sleeping          ||     2
  Eat: Chunk             ||     5
Armor: Skin              ||     6
Dodge: Dodged            ||    45
